 Dungeon Crawl Stone Soup version 0.28-a0-305-g9e858e973b (webtiles) character file.

Game seed: 308752274535597216

172380 willcat the Unseen (level 18, -7/108 HPs)
             Began as a Kobold Delver on Aug 29, 2021.
             Was an Elder of Ashenzari.
             Killed from afar by an ironbound thunderhulk (46 damage)
             ... with a bolt of lightning
             ... on level 1 of the Vaults.
             The game lasted 00:52:23 (31070 turns).

willcat the Unseen (Kobold Delver)                 Turns: 31070, Time: 00:52:24

Health: -7/108     AC: 23    Str: 17    XL:     18   Next: 37%
Magic:  0/37       EV: 25    Int: 16    God:    Ashenzari [****..]
Gold:   3930       SH:  0    Dex: 18    Spells: 34/47 levels left

rFire   . . .      SeeInvis +   q - +4 rapier "Share My Soothsayer" {speed, Evo, Self} (curse)
rCold   + . .      Faith    .   (shield restricted)
rNeg    . . .      Spirit   +   y - +2 acid dragon scales
rPois   +          Reflect  .   R - +2 helmet of the Profound Yoke {Regen+, Fort, Self} (curse)
rElec   .          Harm     .   J - +0 cloak
rCorr   +          Rampage  +   A - +2 pair of gloves "Tethered Together" {Rampage rPois Stlth+, Fort, Melee} (curse)
Will    +....      Clarity  +   O - +2 pair of boots "Lashed With Me" {rampage, Evo, Bglg} (curse)
Stlth   +++++++++.              o - amulet of the Cursed Orthodoxy {Spirit, Self, Evo} (curse)
HPRegen 1.28/turn               h - ring of Ashenzari's Regret {Slay+4, Melee, Cun} (curse)
MPRegen 0.25/turn               s - ring "Culuven" {rC+ Str+6}

@: no status effects
A: small, no large weapons, nightstalker 3
}: 1/15 runes: decaying
a: Renounce Religion, Curse Item, Shatter the Chains


You were on level 1 of the Vaults.
You worshipped Ashenzari.
Ashenzari was greatly pleased with you.
You visited 5 branches of the dungeon, and saw 24 of its levels.
You visited the Abyss 1 time.
You visited 1 bazaar.
You also visited: Gauntlet and Volcano.

You collected 5607 gold pieces.
You spent 1677 gold pieces at shops.

Inventory:

Hand Weapons
 q - the cursed +4 rapier "Share My Soothsayer" (weapon) {speed, Evo, Self}
   (You found it on level 8 of the Dungeon)

   Attacks with this weapon are significantly faster.
   It has a curse which improves the following skills: Evocations: Evocations.
   Introspection: Fighting and Spellcasting.
 r - the +7 hand axe "Radaid" {vorpal, Fragile rPois rCorr Int+4}
   (You took it off a kobold brigand on level 7 of the Dungeon)

   It inflicts extra damage upon your enemies.
   Int:       It affects your intelligence (+4).
   rPois:     It protects you from poison.
   rCorr:     It protects you from acid and corrosion.
   Fragile:   It will be destroyed if unequipped.
 E - a +9 quick blade of freezing
Missiles
 B - 6 curare-tipped darts (quivered)
Armour
 y - +2 acid dragon scales (worn)
 A - the cursed +2 pair of gloves "Tethered Together" (worn) {Rampage rPois Stlth+, Fort, Melee}
   (You found it on level 14 of the Dungeon)

   rPois:     It protects you from poison.
   Rampage:   It bestows one free step when moving towards enemies.
   Stlth:     It makes you more stealthy.
   It has a curse which improves the following skills: Fortitude: Armour and
   Shields.
   Melee Combat: Short Blades, Long Blades, Axes, Maces & Flails, Polearms,
   Staves and Unarmed Combat.
 J - a +0 cloak (worn)
 M - a +1 kite shield of fire resistance
 O - the cursed +2 pair of boots "Lashed With Me" (worn) {rampage, Evo, Bglg}
   (You found it in a volcano)

   It has a curse which improves the following skills: Evocations: Evocations.
   Beguiling: Conjurations, Hexes and Translocations.
 R - the cursed +2 helmet of the Profound Yoke (worn) {Regen+, Fort, Self}
   (You found it in a Gauntlet)

   Regen:     It increases your rate of health regeneration.
   It has a curse which improves the following skills: Fortitude: Armour and
   Shields.
   Introspection: Fighting and Spellcasting.
 V - +0 fire dragon scales
Jewellery
 h - the cursed ring of Ashenzari's Regret (left hand) {Slay+4, Melee, Cun}
   (You found it on level 5 of the Dungeon)

   [ring of slaying]

   Slay:      It affects your accuracy & damage with ranged weapons and melee
   (+4).
   It has a curse which improves the following skills: Melee Combat: Short
   Blades, Long Blades, Axes, Maces & Flails, Polearms, Staves and Unarmed
   Combat.
   Cunning:   Dodging and Stealth.
 m - a ring of fire
 o - the cursed amulet of the Cursed Orthodoxy (around neck) {Spirit, Self, Evo}
   (You found it on level 8 of the Dungeon)

   [amulet of guardian spirit]

   It causes incoming damage to be divided between your reserves of health and
   magic.
   It has a curse which improves the following skills: Introspection: Fighting
   and Spellcasting.
   Evocations: Evocations.
 s - the ring "Culuven" (right hand) {rC+ Str+6}
   (You found it in a Gauntlet)

   [ring of strength]

   Str:       It affects your strength (+6).
   rC:        It protects you from cold.
 L - a +6 ring of intelligence
 Q - a ring of protection from cold
Wands
 g - a wand of digging (9)
 l - a wand of charming (7)
 z - a wand of iceblast (29)
 S - a wand of flame (34)
 T - a wand of paralysis (16)
Scrolls
 c - 6 scrolls of fog
 d - 5 scrolls of magic mapping
 e - 4 scrolls of fear
 k - 7 scrolls of teleportation
 n - 2 scrolls of enchant weapon
 u - a scroll of silence
 D - 2 scrolls of blinking
 F - 3 scrolls of torment
 G - 4 scrolls of amnesia
Potions
 a - 4 potions of flight
 b - a potion of resistance
 f - 3 potions of haste
 i - 5 potions of heal wounds
 j - 2 potions of curing
 t - 2 potions of brilliance
 v - a potion of might
 x - 4 potions of attraction
 C - 6 potions of lignification
 H - 8 potions of ambrosia
 I - a potion of invisibility
 K - 2 potions of berserk rage
 N - 2 potions of magic
 P - a potion of mutation
Miscellaneous
 p - a lightning rod (4/4)
 U - a tin of tremorstones (2/2)


   Skills:
 - Level 6.2(10.7) Fighting
 - Level 12.1(15.2) Short Blades
 - Level 4.1 Throwing
 + Level 9.2(12.5) Armour
 + Level 14.8(16.7) Dodging
 + Level 18.0(19.7) Stealth
 + Level 6.3(9.9) Shields
 + Level 10.7(15.0) Spellcasting
 + Level 6.4 Summonings
 + Level 6.3 Necromancy
 - Level 4.7(6.9) Translocations
 + Level 9.7 Transmutations
 + Level 9.7 Earth Magic
 - Level 2.9(6.7) Evocations


You had 34 spell levels left.
You knew the following spells:

 Your Spells              Type           Power      Damage    Failure   Level
a - Blink                 Tloc           N/A        N/A       1%          2
b - Statue Form           Tmut/Erth      28%        N/A       19%         6
c - Summon Forest         Summ/Tloc      16%        N/A       12%         5

Your spell library contained the following spells:

 Spells                   Type           Power      Damage    Failure   Level
 Animate Skeleton         Necr           64%        N/A       1%          1
 Pain                     Necr           100%       1d9       1%          1
 Vampiric Draining        Necr           16%        2d8       1%          3
 Corpse Rot               Necr/Air       N/A        N/A       2%          2
 Ignite Poison            Fire/Tmut/Pois 22%        N/A       5%          3
 Corona                   Hex            13%        N/A       6%          1
 Shock                    Conj/Air       48%        1d6       6%          1
 Slow                     Hex            12%        N/A       9%          2
 Leda's Liquefaction      Hex/Erth       14%        N/A       9%          4
 Ensorcelled Hibernation  Hex/Ice        24%        N/A       10%         2
 Manifold Assault         Tloc           34%        N/A       11%         5
 Iskenderun's Mystic Bla  Conj/Tloc      23%        2d6       16%         4
 Confusing Touch          Hex            12%        N/A       19%         3
 Dazzling Flash           Conj/Hex       24%        N/A       19%         3
 Mephitic Cloud           Conj/Pois/Air  12%        N/A       19%         3
 Tukima's Dance           Hex            12%        N/A       19%         3
 Summon Lightning Spire   Summ/Air       22%        N/A       19%         4
 Ozocubu's Armour         Ice            12%        N/A       21%         3
 Swiftness                Air            12%        N/A       21%         3
 Bolt of Magma            Conj/Fire/Erth 11%        4d7       43%         5
 Dispersal                Tloc           17%        N/A       52%         6
 Airstrike                Air            6%         N/A       54%         4
 Metabolic Englaciation   Hex/Ice        6%         N/A       87%         5
 Simulacrum               Ice/Necr       11%        N/A       96%         6
 Starburst                Conj/Fire      6%         6d4       100%        6
 Storm Form               Tmut/Air       13%        N/A       100%        7
 Disjunction              Tloc           17%        N/A       100%        8
 Maxwell's Capacitive Co  Air            6%         ∞         100%        8


Dungeon Overview and Level Annotations

Branches:
Dungeon (15/15)            Temple (0/1) D:6            Lair (6/6) D:11
  Swamp (4/4) Lair:2        Snake (0/4) Lair:4        Slime (0/5) Lair:5
    Orc (2/2) D:11            Elf (0/3) Orc:2        Vaults (1/5) D:14
 Depths (0/5) D:15        Volcano (visited)         Gauntlet (visited)

Altars:
Ashenzari
Elyvilon
Fedhas
Kikubaaqudgha
Makhleb
Ru
Sif Muna
Trog
Uskayaw
Yredelemnul
Zin
Beogh
Ignis
Jiyva

Shops:
D:12 ?   Orc:2 !?*

Portals:
Trove: D:10 (give 6 scrolls of fear)

Annotations:
D:6 Edmund
D:8 Erica
D:10 Gaust's ghost, journeyman DsGl; jisko22's ghost, journeyman GnWn
Lair:6 1 runed translucent door
Swamp:4 Roxanne


Innate Abilities, Weirdness & Mutations

You are small and have problems with some larger weapons.
You are completely attuned to the shadows.


Message History

The deep troll bites you.
* * * LOW HITPOINT WARNING * * *
The deep troll claws you but does no damage.
The deep troll claws you!
* * * LOW HITPOINT WARNING * * *
You puncture the lindwurm!
You kill the lindwurm!
The sentinel's mark upon you fades away.
Unknown command.
Unknown command.
The lindwurm breathes flames at you. The blast of flame hits you!
* * * LOW HITPOINT WARNING * * *
The deep troll closely misses you. The deep troll barely misses you.
The deep troll closely misses you.
Unknown command.
You feel much better.
Space becomes stable.
The deep troll barely misses you.
The deep troll claws you but does no damage.
The deep troll closely misses you.
The deep troll bites you but does no damage.
The deep troll misses you. The deep troll completely misses you.
Okay, then.
Casting: Summon Forest (dangerous; 12% risk of failure)
Confirm with . or Enter, or press ? or * to list all spells.
Okay, then.
The deep troll bites you! The deep troll barely misses you.
The deep troll claws you.
The yaktaur unwields a +0 arbalest.
The yaktaur closely misses you.
The yaktaur hits you but does no damage.
The lindwurm misses you. The lindwurm completely misses you.
The lindwurm claws you but does no damage.
Unknown command.
You feel a little less mighty now. The yaktaur completely misses you.
The lindwurm barely misses you. The lindwurm closely misses you.
The lindwurm completely misses you.
Electricity crackles from the ironbound thunderhulk's apparatus.
The bolt of lightning hits you!!!
You die...

***###### #.........# *
#.........##
#.........### #######
#.........############ ,
#.........'........... ,
#.........#...........
*#######'####.......)...
#...T.@...##......)....
* ,,
##..ck....##..........^
* , ,
.##O.T....##...........
,,
..##..†...##...........
*,,,
*...##))..###...........
,,**
...)##))##*#...........
*, *, ,
#†...##.*###'######## ,
##.).##.. ........ ** ,
,##....#.. **........


You could see an ironbound thunderhulk, 2 deep trolls, a lindwurm and a yaktaur.

Vanquished Creatures
  Rupert (D:12)
  Kirke (D:13)
  2 azure jellies (Swamp:4)
  The ghost of GEC the Convoker, an adept DsSu of Lugonu (D:15)
  An ironbound preserver (Vaults:1)
  2 quicksilver oozes (D:15)
  2 entropy weavers (Vaults:1)
  A bunyip (Swamp:4)
  A minotaur (Gauntlet)
  Snorg (D:12)
  A green death (Gauntlet)
  3 eleionomae
  2 fire dragons (D:15)
  2 ghost crabs
  An ogre mage (D:14)
  18 hydras
  Harold (D:11)
  An ice dragon (Swamp:4)
  3 catoblepae
  The ghost of bearlyready the Carver, a journeyman FoCA of Ignis (D:9)
  9 centaur warriors
  2 boulder beetles
  5 alligators
  A death knight (D:13)
  3 tengu warriors
  9 two-headed ogres
  3 death yaks (Lair:6)
  13 spriggans
  A deep elf knight (D:14)
  2 ironbound beastmasters (Vaults:1)
  Nergalle (D:12)
  Urug (D:12)
  The ghost of willcat the Covert, a novice KoDe of Nemelex Xobeh (D:10)
  A skeletal warrior (D:13)
  4 goliath frogs
  A death drake (Swamp:2)
  3 spriggan druids
  2 swamp dragons
  4 bog bodies
  2 deep trolls (Vaults:1)
  A deep elf archer (Volcano)
  2 wizards
  5 lindwurms
  9 orc knights
  An oklob plant (D:11)
  3 cyclopes
  13 deep elf pyromancers
  3 deep elf zephyrmancers (D:14)
  2 manticores (D:13)
  3 ugly things
  An orc sorcerer (D:15)
  2 wolf spiders
  A will-o-the-wisp (Swamp:2)
  A worldbinder (Gauntlet)
  12 elephants
  A moth of wrath (Gauntlet)
  A black mamba (shapeshifter) (D:13)
  3 vault sentinels (Vaults:1)
  Joseph (D:8)
  2 orange demons (Gauntlet)
  5 torpor snails (Lair:6)
  2 gargoyles
  An efreet (D:13)
  17 cane toads
  A demonic crawler (Lair:6)
  2 unseen horrors (D:12)
  4 rime drakes
  4 freezing wraiths (Swamp:4)
  A komodo dragon (shapeshifter) (D:15)
  10 komodo dragons
  8 yaktaurs
  3 meliai (D:13)
  A queen bee (Lair:3)
  10 trolls
  12 tyrant leeches
  A meliai (shapeshifter) (D:13)
  8 polar bears
  20 hornets
  Prince Ribbit (D:7)
  11 slime creatures
  13 blink frogs
  5 redbacks
  A wraith (D:13)
  2 shadows
  A vampire (D:13)
  8 wyverns
  A basilisk (shapeshifter) (D:15)
  27 yaks
  3 fire bats (Lair:5)
  5 fire elementals (Volcano)
  Grum (D:11)
  6 basilisks
  2 vampire mosquitoes (D:12)
  9 wargs
  17 swamp worms
  22 water moccasins
  4 acid dragons
  5 hell hounds (Volcano)
  13 hydra simulacra (Swamp:4)
  41 orc warriors
  A hornet zombie (D:8)
  3 black bears
  4 ogres
  38 wolves
  5 boggarts
  A necrophage (D:6)
  19 centaurs
  4 kobold brigands
  14 bullfrogs
  A scorpion (D:6)
  15 killer bees
  2 electric eels
  4 wights (D:10)
  5 howler monkeys
  4 centaur zombies
  A bullfrog zombie (D:6)
  A hound (D:7)
  20 orc priests
  A bullfrog skeleton (D:6)
  A jelly (D:15)
  26 orc wizards
  6 hell rats (Lair:5)
  A howler monkey zombie (D:9)
  A howler monkey skeleton (D:7)
  2 adders
  A shadow imp (D:8)
  4 swamp drake simulacra (Swamp:4)
  A worm (D:12)
  93 orcs
  7 kobolds
775 creatures vanquished.

Vanquished Creatures (others)
  2 bloated husks
  14 demonic plants (Gauntlet)
  30 fungi
  72 plants
118 creatures vanquished.

Grand Total: 893 creatures vanquished

Notes
Turn   | Place    | Note
-------+----------+-------------------------------------------
     0 | D:5      | willcat the Kobold Delver began the quest for the Orb.
     0 | D:5      | Reached XP level 1. HP: 14/14 MP: 1/1
   164 | D:5      | Reached XP level 2. HP: 18/19 MP: 2/2
   176 | D:5      | Found a broken altar of Ashenzari.
   409 | D:5      | Became a worshipper of Ashenzari the Shackled
   518 | D:5      | Noticed a centaur
   797 | D:7      | Noticed a bullfrog
   798 | D:7      | Killed a bullfrog
   799 | D:7      | Reached skill level 7 in Stealth
   799 | D:7      | Reached XP level 3. HP: 12/23 MP: 3/3
   799 | D:7      | Reached XP level 4. HP: 15/28 MP: 4/4
  1270 | D:6      | Reached XP level 5. HP: 18/32 MP: 5/5
  1505 | D:6      | Found a sacrificial altar of Ru.
  1565 | D:6      | Noticed a necrophage
  1567 | D:6      | Killed a necrophage
  1568 | D:6      | Reached skill level 8 in Stealth
  1568 | D:6      | Reached XP level 6. HP: 37/37 MP: 6/6
  1606 | D:6      | Noticed a black bear
  1609 | D:6      | Killed a black bear
  1610 | D:6      | Reached skill level 5 in Short Blades
  1736 | D:6      | Reached skill level 5 in Dodging
  1738 | D:6      | Found a staircase to the Ecumenical Temple.
  1827 | D:6      | Reached XP level 7. HP: 36/41 MP: 7/7
  1969 | D:6      | Noticed Edmund
  2364 | D:7      | Identified the +1 plate armour of Dice, Bag, and Bottle
                  | {*Slow rElec rN+++ rCorr}
  2389 | D:7      | Reached skill level 9 in Stealth
  2430 | D:7      | Noticed Prince Ribbit
  2434 | D:7      | Killed Prince Ribbit
  2435 | D:7      | Reached XP level 8. HP: 46/46 MP: 8/8
  2715 | D:7      | Identified the +7 hand axe "Radaid" {vorpal, Fragile rPois
                  | rCorr Int+4}
  2762 | D:8      | Reached * piety under Ashenzari
  2902 | D:8      | Found a runed translucent door.
  2988 | D:8      | Found a bloodstained altar of Trog.
  3014 | D:8      | Noticed Erica
  3305 | D:8      | Reached skill level 10 in Stealth
  3481 | D:8      | Reached ** piety under Ashenzari
  3629 | D:8      | Noticed Joseph
  3633 | D:8      | Killed Joseph
  3634 | D:8      | Reached XP level 9. HP: 54/54 MP: 9/9
  3849 | D:8      | Noticed a two-headed ogre
  3853 | D:8      | Killed a two-headed ogre
  3854 | D:8      | Reached skill level 11 in Stealth
  4930 | D:8      | Learned a level 2 spell: Blink
  5133 | D:9      | Reached skill level 12 in Stealth
  5133 | D:9      | Reached skill level 1 in Spellcasting
  5133 | D:9      | Reached skill level 1 in Translocations
  5133 | D:9      | Reached XP level 10. HP: 60/60 MP: 11/13
  5220 | D:9      | Reached skill level 1 in Armour
  5224 | D:9      | Reached skill level 10 in Short Blades
  5493 | D:9      | Found a basalt altar of Yredelemnul.
  5908 | D:10     | Entered Level 10 of the Dungeon
  5945 | D:10     | Found a hide-covered altar of Uskayaw.
  5961 | D:10     | Found a shimmering blue altar of Sif Muna.
  5991 | D:10     | Noticed a gargoyle
  5995 | D:10     | Killed a gargoyle
  6023 | D:10     | Found a portal to a secret trove of treasure.
  6354 | D:10     | Noticed a two-headed ogre
  6446 | D:10     | Killed a two-headed ogre
  6447 | D:10     | Reached skill level 1 in Evocations
  6700 | D:10     | Found a white marble altar of Elyvilon.
  6731 | D:10     | Found a runed translucent gate.
  6732 | D:10     | Found a runed translucent gate.
  6732 | D:10     | Noticed Gaust's ghost (journeyman DsGl)
  6733 | D:10     | Found a runed translucent gate.
  6735 | D:10     | Noticed willcat's ghost (novice KoDe)
  6735 | D:10     | Noticed bearlyready's ghost (journeyman FoCA)
  6735 | D:10     | Noticed jisko22's ghost (journeyman GnWn)
  7078 | D:11     | Noticed Harold
  7081 | D:11     | Killed Harold
  7082 | D:11     | Reached skill level 5 in Fighting
  7082 | D:11     | Reached XP level 11. HP: 67/67 MP: 18/18
  7127 | D:11     | Noticed a cyan ugly thing
  7342 | D:11     | Noticed Grum
  7359 | D:11     | Killed Grum
  7360 | D:11     | Reached skill level 10 in Dodging
  7529 | D:11     | Noticed a boulder beetle
  7679 | D:12     | Noticed Rupert
  7683 | D:12     | Killed Rupert
  7684 | D:12     | Reached skill level 13 in Stealth
  7694 | D:12     | Noticed Sonja
  7716 | D:12     | Cast into level 2 of the Abyss (Sonja)
  7743 | Abyss:2  | Noticed a spatial maelstrom
  7755 | Abyss:2  | Found a shadowy altar of Dithmenos.
  7929 | D:12     | Escaped the Abyss
  7930 | D:12     | Noticed Sonja
  7930 | D:12     | Sonja changed into Sonja the worm
  7933 | D:12     | Killed Sonja the worm
  8190 | D:12     | Noticed Nergalle
  8194 | D:12     | Killed Nergalle
  8217 | D:12     | Noticed Urug
  8229 | D:12     | Killed Urug
  8230 | D:12     | Reached skill level 1 in Throwing
  8328 | D:12     | Learned a level 6 spell: Statue Form
  8332 | D:12     | Noticed a cyclops
  8347 | D:12     | Killed a cyclops
  8348 | D:12     | Reached XP level 12. HP: 75/75 MP: 22/22
  8541 | D:12     | Found Evunnax's Magic Scroll Emporium.
  8546 | D:12     | Bought a scroll of enchant armour for 90 gold pieces
  8546 | D:12     | Bought a scroll of enchant weapon for 90 gold pieces
  8546 | D:12     | Bought a scroll of enchant weapon for 90 gold pieces
  8546 | D:12     | Bought a scroll of enchant weapon for 90 gold pieces
  8547 | D:12     | Bought a scroll of teleportation for 36 gold pieces
  8547 | D:12     | Bought a scroll of blinking for 90 gold pieces
  8578 | D:11     | Noticed Snorg
  8586 | D:12     | Killed Snorg
  8587 | D:12     | Reached skill level 1 in Transmutations
  8587 | D:12     | Reached skill level 1 in Earth Magic
  8699 | D:11     | Killed a boulder beetle
  8700 | D:11     | Reached skill level 5 in Spellcasting
  8914 | D:11     | Found a staircase to the Orcish Mines.
  9116 | D:11     | Found a staircase to the Lair.
  9551 | Orc:1    | Entered Level 1 of the Orcish Mines
  9560 | Orc:1    | Noticed a two-headed ogre
  9573 | Orc:1    | Killed a two-headed ogre
 10071 | Orc:1    | Reached skill level 14 in Stealth
 10676 | Orc:1    | Reached XP level 13. HP: 79/79 MP: 25/25
 11094 | Orc:2    | Entered Level 2 of the Orcish Mines
 11307 | Orc:2    | Found a staircase to the Elven Halls.
 11390 | Orc:2    | Reached skill level 5 in Armour
 11628 | Orc:2    | Noticed a centaur warrior
 11878 | Orc:2    | Killed a centaur warrior
 13021 | Orc:2    | Found Ryappux's Magic Scroll Shop.
 13021 | Orc:2    | Found Faumnudd's Assorted Antiques.
 13021 | Orc:2    | Found Eblupt's Distillery.
 13022 | Orc:2    | Found Sutirch's Assorted Antiques.
 13028 | Orc:2    | Bought a red potion for 31 gold pieces
 13028 | Orc:2    | Bought a scroll labelled COSHRUE SIBAZ for 35 gold pieces
 13028 | Orc:2    | Bought a scroll labelled SOHOTHRILICS for 35 gold pieces
 13028 | Orc:2    | Acquired a +4 quick blade
 13036 | Orc:2    | Bought a scroll of enchant weapon for 120 gold pieces
 13045 | Orc:2    | Bought a potion of heal wounds for 90 gold pieces
 13045 | Orc:2    | Bought a potion of heal wounds for 90 gold pieces
 13348 | D:12     | Bought a scroll of acquirement for 624 gold pieces
 13348 | D:12     | Bought a scroll of fog for 24 gold pieces
 13348 | D:12     | Acquired 1004 gold pieces
 13528 | D:9      | Killed bearlyready's ghost
 13711 | D:10     | Killed willcat's ghost
 13878 | Lair:1   | Entered Level 1 of the Lair of Beasts
 13893 | Lair:1   | Reached *** piety under Ashenzari
 13977 | Lair:1   | Noticed a five-headed hydra
 13981 | Lair:1   | Killed a five-headed hydra
 13982 | Lair:1   | Reached **** piety under Ashenzari
 14049 | Lair:1   | Reached skill level 5 in Earth Magic
 14086 | Lair:1   | Reached skill level 5 in Transmutations
 14257 | Lair:1   | Noticed a six-headed hydra
 14259 | Lair:1   | Reached skill level 15 in Stealth
 14262 | Lair:1   | Killed a six-headed hydra
 14299 | Lair:1   | Identified the Reference Book on the Compass and Air
 14943 | Lair:2   | Found a staircase to the Swamp.
 14945 | Lair:2   | Reached XP level 14. HP: 87/87 MP: 28/28
 15098 | Lair:2   | Found a burning altar of Makhleb.
 16753 | Lair:3   | Reached skill level 1 in Shields
 18106 | Lair:4   | Found a staircase to the Snake Pit.
 18485 | Lair:5   | Found a dark tunnel.
 18497 | Volcano  | Entered a volcano
 18570 | Volcano  | Reached skill level 16 in Stealth
 18634 | Volcano  | Reached XP level 15. HP: 90/90 MP: 30/30
 19220 | Lair:5   | Found a staircase to the Slime Pits.
 19235 | Lair:5   | Learned a level 5 spell: Summon Forest
 19482 | Lair:5   | Reached skill level 1 in Necromancy
 19598 | Lair:5   | Reached skill level 1 in Summonings
 19936 | Lair:6   | Entered Level 6 of the Lair of Beasts
 20512 | Lair:6   | Found a runed translucent door.
 22185 | D:13     | Reached XP level 16. HP: 42/96 MP: 19/32
 22681 | D:13     | Identified Sif Muna's Guide on Displacement
 22690 | D:13     | Found a glowing silver altar of Zin.
 22690 | D:13     | Found a candlelit altar of Ignis.
 22849 | D:13     | Found an ancient bone altar of Kikubaaqudgha.
 22986 | D:13     | Found a blossoming altar of Fedhas.
 22988 | D:13     | Found a broken altar of Ashenzari.
 23188 | D:13     | Identified the +7 trident of the Foremost Prophets {flame,
                  | rElec Dex+2}
 23539 | D:13     | Noticed Kirke
 23542 | D:13     | Killed Kirke
 24062 | D:14     | Found a gate to the Vaults.
 24416 | D:14     | Reached skill level 17 in Stealth
 24416 | D:14     | Identified the +2 pair of gloves of Oblivion {Rampage rPois
                  | Stlth+}
 24750 | D:14     | Found a glowing silver altar of Zin.
 25185 | D:15     | Entered Level 15 of the Dungeon
 25237 | D:15     | Found a flickering gateway to a bazaar.
 25251 | Bazaar   | Entered a bazaar
 25286 | Bazaar   | Found Telasanu's Antique Weapon Shoppe.
 25342 | Bazaar   | Found Congi's Antique Weapon Shoppe.
 25380 | Bazaar   | Found Huocaas's Antique Armour Shoppe.
 25385 | Bazaar   | Bought a polished buckler for 142 gold pieces
 25385 | Bazaar   | Identified the +0 buckler of Qaggomat {Harm *Slow Int+4}
                  | (You bought it in a shop in a bazaar)
 25496 | D:15     | Found a gate leading to a gauntlet.
 25502 | Gauntlet | Entered a Gauntlet
 25524 | Gauntlet | Found the +7 Kryia's mail coat {PotionHeal*2 rC+}
 25531 | Gauntlet | Found a transporter.
 25531 | Gauntlet | Found a transporter.
 25561 | Gauntlet | Found a transporter.
 25563 | Gauntlet | Identified the ring "Culuven" {rC+ Str+6}
 25582 | Gauntlet | Identified the +2 helmet "Wozocopp" {Regen+}
 25612 | Gauntlet | Found a transporter.
 25626 | Gauntlet | Found a transporter.
 25677 | Gauntlet | Found a transporter.
 25678 | Gauntlet | Identified the ring "Wucoisul" {rF+ rN+}
 25713 | Gauntlet | Found a transporter.
 25713 | Gauntlet | Found a transporter.
 25834 | Gauntlet | Found a transporter.
 25883 | Gauntlet | Found a transporter.
 26219 | D:15     | Reached skill level 5 in Shields
 26343 | D:15     | Paralysed by an orc sorcerer for 5 turns
 26734 | D:15     | Reached XP level 17. HP: 99/99 MP: 33/33
 26774 | D:15     | Found a staircase to the Depths.
 27032 | D:15     | Found a runed translucent gate.
 27033 | D:15     | Found a runed translucent gate.
 27037 | D:15     | Found a runed translucent gate.
 27038 | D:15     | Noticed GEC's ghost (adept DsSu)
 27171 | D:15     | Reached skill level 10 in Spellcasting
 27712 | D:15     | Killed GEC's ghost
 27719 | D:15     | Found a viscous altar of Jiyva.
 27719 | D:15     | Identified the +9 chain mail "Ovyifiw" {rN+}
 27893 | Swamp:1  | Entered Level 1 of the Swamp
 27905 | Swamp:1  | Reached skill level 5 in Summonings
 28025 | Swamp:1  | Reached skill level 5 in Necromancy
 28779 | Swamp:2  | Identified the +0 leather armour of the Trees {Int+3}
 29166 | Swamp:1  | Acquired 1125 gold pieces
 29450 | Swamp:4  | Entered Level 4 of the Swamp
 29467 | Swamp:4  | Noticed Roxanne
 29997 | Swamp:4  | Identified the +1 leather armour of Hysteria {rN+ SInv}
 30012 | Swamp:4  | Reached XP level 18. HP: 104/108 MP: 28/36
 30280 | Swamp:4  | Got a decaying rune of Zot
 30594 | Vaults:1 | Entered Level 1 of the Vaults
 31002 | Vaults:1 | Reached skill level 18 in Stealth
 31070 | Vaults:1 | Killed from afar by an ironbound thunderhulk

Illustrated notes

Levels and vault maps discovered:
D:5:      layout_basic, mainiacjoe_overflow_alcove_2, serial_shops,
          kennysheep_little_box, nrook_loot_triangle, kennysheep_generic_room_9
D:6:      layout_loops_corners, overflow_temple_1_default, temple_hall,
          uniq_edmund
D:7:      layout_cave_pods, uniq_prince_ribbit1
D:8:      layout_layer_cave, lemuel_round_altar, lightli_church_of_beogh,
          uniq_erica, uniq_joseph
D:9:      layout_roguey, kennysheep_mini
D:10:     layout_irregular_city, mainiacjoe_overflow_catwalk, elyvilon_altar_3,
          mainiacjoe_overflow_paths, enter_trove_3, gammafunk_ghost_cemetery
D:11:     layout_small_grid, dpeg_oklobed_lair, hiddenorc2_lemuel, uniq_grum,
          uniq_snorg, uniq_harold
D:12:     layout_basic, serial_shops, shop, uniq_sonja, uniq_urug,
          uniq_nergalle, uniq_rupert
D:13:     minmay_the_grid_octo_tiled_squarecenter [minmay_the_grid_octo_empty,
          minmay_the_grid_octo_toaster, minmay_the_grid_octo_shrine,
          minmay_the_grid_octo_fan_narrow,
          minmay_the_grid_square_5x5_megaprize_crossed,
          minmay_the_grid_square_5x5_eight,
          minmay_the_grid_square_5x5_intrusive_squares,
          minmay_the_grid_square_5x5_c,
          minmay_the_grid_square_5x5_checkered_sparse], layout_gridville,
          kiku_gazebo_pond_becter, uniq_kirke
D:14:     layout_gridville, hangedman_vaults_entry_quadrant_bands, zin_angel
D:15:     grunt_enter_depths_hoard, layout_loops_corners, gammafunk_ghost_ooze,
          serial_shops, bzr_entry_water, gauntlet_entry_generic
Lair:1:   layout_loops_ring, hangedman_lair_generics_rect, serial_bayou_shore_b,
          serial_bayou_shore_b
Lair:2:   layout_loops_ring, skrybe_swamp_entry_bodies, basic_altar,
          patterned_corridor
Lair:3:   layout_cave_pods, special_room [special_room_bee],
          gammafunk_lair_bear_cave
Lair:4:   layout_concentric_octagons, dummy_snake_entry,
          chequers_serial_rivers_small_b, nicolae_quartered_pool_little,
          chequers_serial_rivers_small_b, beast_lair_carwin_7,
          infiniplex_staircase_pool
Lair:5:   layout_roguey, slime_dummy, nicolae_volcano_entry_batcave,
          grunt_forest_large_clearings
Lair:6:   wormcave, layout_gridlike, chequers_serial_rivers_micro_a,
          worms_lemuel, serial_bayou_shore_b, lemuel_fruit_tree
Swamp:1:  layout_basic_swamp, evilmike_swamp_ruin_rubble_2
Swamp:2:  layout_falls_marsh, evilmike_swamp_ruin_house_2,
          hangedman_swamp_wriggling
Swamp:3:  layout_basic_swamp, evilmike_swamp_ruin_house_3
Swamp:4:  swamp_icy, layout_basic_swamp, swamp_pool2, hangedman_swamp_blocks,
          uniq_roxanne
Orc:1:    cheibrodos_orc_guarddog, layout_diamond_mine
Orc:2:    st_orc_rangers, layout_diamond_mine
Vaults:1: ontoclasm_vaults_gateway, hangedman_vaults_restitches,
          vaults_standard_mumra_lines, nicolae_vaults_circle_grid_a, v_misc_18,
          nicolae_vaults_theta, ontoclasm_vaults_loading_screen,
          hangedman_vaults_stretched_pinwheel, layout_vaults_ring

Skill      XL: |  1  2  3  4  5  6  7  8  9 10 11 12 13 14 15 16 17 18 |
---------------+-------------------------------------------------------+-----
Short Blades   | 3 4 5 6 8 9 10 11 12 | 12.1
Dodging        | 3 4 5 6 7 9 10 11 12 13 14 | 14.8
Stealth        | 7 8 9 10 12 13 14 15 16 17 18 | 18.0
Spellcasting   | 1 3 4 5 7 8 9 10 | 10.7
Translocations | 1 3 4 |  4.7
Armour         | 2 3 4 6 7 8 9 |  9.2
Fighting       | 5 6 |  6.2
Evocations     | 2 |  2.9
Throwing       | 1 4 |  4.1
Transmutations | 3 5 6 7 8 9 |  9.7
Earth Magic    | 3 5 6 7 8 9 |  9.7
Shields        | 2 4 5 6 |  6.3
Necromancy     | 2 4 5 6 |  6.3
Summonings     | 2 4 5 6 |  6.4

Action                   |  1- 3 |  4- 6 |  7- 9 | 10-12 | 13-15 | 16-18 || total
-------------------------+-------+-------+-------+-------+-------+-------++-------
Melee: Short sword       |    24 |    24 |       |       |       |       ||    48
       Dagger            |       |    46 |    18 |       |       |       ||    64
       Rapier            |       |       |   144 |   575 |  1656 |  1291 ||  3666
       Punch             |       |       |       |       |     3 |     3 ||     6
Throw: Throwing net      |       |       |       |     9 |     3 |     5 ||    17
       Dart              |       |       |       |     1 |       |       ||     1
 Cast: Summon Forest     |       |       |       |       |       |     1 ||     1
Invok: Curse Item        |       |       |     3 |     1 |     3 |     2 ||     9
       Shatter the Chain |       |       |       |       |     1 |     2 ||     3
Evoke: Wand              |       |       |     1 |     5 |       |    30 ||    36
       Lightning rod     |       |       |       |       |       |     4 ||     4
  Use: Scroll            |       |       |     3 |     3 |    10 |     7 ||    23
       Potion            |       |       |     2 |     1 |       |     7 ||    10
 Stab: Sleeping          |     2 |     3 |    16 |    19 |    85 |    78 ||   203
       Held in net/web   |       |       |       |     4 |     6 |     3 ||    13
       Invisible         |       |       |       |     5 |       |       ||     5
       Distracted        |       |       |       |     4 |    13 |    15 ||    32
Armor: Leather armour    |     2 |    16 |    11 |     8 |       |       ||    37
       Acid dragon scale |       |       |       |    47 |   166 |   345 ||   558
Dodge: Dodged            |    19 |    44 |    97 |   236 |   976 |   736 ||  2108

Table legend: (Time is in decaauts)
 A = Elapsed time spent in this place.
 B = Non-inter-level travel time spent in this place.
 C = Inter-level travel time spent in this place.
 D = Time resting spent in this place.
 E = Time spent auto-exploring this place.
 F = Levels seen in this place.
 G = Mean time per level.
                   A        B        C        D        E       F      G
               +--------+--------+--------+--------+--------+-----+--------+
         Total |  28839 |  27316 |   1523 |   4203 |  17236 |  28 | 1030.0 |
       Dungeon |  14789 |  13974 |    815 |   2373 |   9140 |  11 | 1344.5 |
          Lair |   7069 |   6672 |    397 |    608 |   4873 |   6 | 1178.2 |
         Swamp |   2318 |   2174 |    144 |    207 |   1211 |   4 |  579.5 |
  Orcish Mines |   3018 |   2853 |    165 |    642 |   1518 |   2 | 1509.0 |
        Vaults |    377 |    377 |      0 |    104 |    142 |   1 |  377.0 |
         Abyss |    212 |    212 |      0 |     27 |      0 |   1 |  212.0 |
        Bazaar |    157 |    157 |      0 |      0 |    122 |   1 |  157.0 |
       Volcano |    288 |    288 |      0 |     93 |      3 |   1 |  288.0 |
      Gauntlet |    607 |    607 |      0 |    149 |    226 |   1 |  607.0 |
               +--------+--------+--------+--------+--------+-----+--------+

Top non-repeatable levels by time:
     D:8: 1964 daAuts
    D:11: 1870 daAuts
    D:13: 1858 daAuts
   Orc:2: 1786 daAuts
  Lair:6: 1681 daAuts
    D:15: 1605 daAuts
  Lair:3: 1509 daAuts
     D:9: 1377 daAuts
     D:6: 1257 daAuts
    D:14: 1239 daAuts
   Orc:1: 1232 daAuts
     D:7: 1107 daAuts
  Lair:1: 1073 daAuts
    D:10: 1052 daAuts
  Lair:5: 1046 daAuts
